 Dungeon Crawl Stone Soup version 0.18-a0-1435-gee79d65 (webtiles) character file.

129 M4edhros the Vandal (level 5, 0/34 HPs)
             Began as an Octopode Hunter on Feb 29, 2016.
             Succumbed to a worker ant's poison
             ... on level 4 of the Dungeon.
             The game lasted 00:01:24 (2053 turns).

M4edhros the Vandal (Octopode Hunter)               Turns: 2053, Time: 00:01:25

Health: 0/34       AC:  1    Str: 10 (11) XL:     5   Next: 12%
Magic:  5/5        EV: 13    Int: 13 (14) God:
Gold:   72         SH:  0    Dex: 10 (13) Spells: 0 memorised, 4 levels left

rFire  . . .     SeeInvis .     a - +1 hunting sling
rCold  . . .     Gourm    .     (no shield)
rNeg   . . .     Faith    .     (helmet restricted)
rPois  .         Spirit   .     (no amulet)
rElec  .         Dismiss  .     (no ring)
rCorr  .         Reflect  .     (no ring)
SustAt .         Harm     .     (no ring)
MR     .....                    (no ring)
Stlth  +++.......               (no ring)
                                (no ring)
                                (no ring)
                                (no ring)

@: lethally poisoned (0 -> -12), not resistant to hostile enchantments, fairly
stealthy
A: almost no armour, amphibious, 8 rings, constrict 8, camouflage 1, gelatinous
body 1
a: no special abilities


You were on level 4 of the Dungeon.
You were not hungry.

You visited 1 branch of the dungeon, and saw 3 of its levels.

You collected 72 gold pieces.

Inventory:

Hand Weapons
 a - a +1 hunting sling (weapon)
 b - a +0 short sword
Missiles
 c - 27 sling bullets (quivered)
 e - 49 stones
Jewellery
 j - an uncursed ring of flight {unknown}
 l - a cursed -2 ring of evasion {unknown}
Scrolls
 h - 3 scrolls of identify {unknown}
 i - a scroll of remove curse {unknown}
 k - a scroll of enchant armour {unknown}
Comestibles
 d - 3 bread rations
 m - 2 chunks of flesh
 n - a meat ration


   Skills:
 - Level 2.0 Fighting
 + Level 4.8 Slings
 * Level 4.3 Dodging
 - Level 1.3 Stealth


You had 4 spell levels left.
You didn't know any spells.

Dungeon Overview and Level Annotations

Branches:
Dungeon (2/15)

Altars:
Makhleb
Ru
The Shining One

Shops:
D:4 (


Innate Abilities, Weirdness & Mutations

You cannot wear most types of armour.
You are amphibious.
You can wear up to eight rings at the same time.
You can use your tentacles to constrict eight enemies at once.
Your skin changes colour to match your surroundings (Stealth).
Your rubbery body absorbs attacks (AC +1).


Message History

* * * LOW HITPOINT WARNING * * *
You feel sick.
The worker ant waves its antennae.
The worker ant misses you.
Firing (i - inventory. (,) - cycle):
c - 28 sling bullets (quivered)
Press: ? - help, Shift-Dir - straight line, f/p - worker ant
Aim: a worker ant (almost dead)
You shoot a sling bullet. The sling bullet hits the worker ant.
You kill the worker ant!
You have reached level 5!
You feel clever.
* * * LOW HITPOINT WARNING * * *
You feel sick.
* * * LOW HITPOINT WARNING * * *
You feel sick.
Things that are here:
2 sling bullets; 4 stones
* * * LOW HITPOINT WARNING * * *
You feel sick.
You die...

._. ... #.# ... ##.###
.... ...
#######.####### #..
#......@....... #.#
#..#.........## #.#
#..##(......## #.#
#.###.(.....# ##.# #.#
##.(....# ...## ##.#
#..(...# #.†.#####[.##
#........
###.........###>..(....
#...#####...#..##.(..


There were no monsters in sight!

Vanquished Creatures
  A hound (D:4)
  A worker ant (D:4)
  An adder (D:4)
  A worm (D:4)
  5 dart slugs
  A giant gecko (D:2)
  6 bats
  2 giant cockroaches
  9 goblins
  5 hobgoblins (D:1)
  2 jackals (D:2)
  4 kobolds (D:1)
  A quokka (D:2)
  A ball python (D:2)
  4 giant newts
  7 rats
51 creatures vanquished.

Notes
Turn   | Place    | Note
--------------------------------------------------------------
     0 | D:1      | M4edhros the Octopode Hunter began the quest for the Orb.
     0 | D:1      | Reached XP level 1. HP: 14/14 MP: 1/1
   155 | D:1      | Reached XP level 2. HP: 13/19 MP: 2/2
   518 | D:1      | Reached XP level 3. HP: 24/24 MP: 3/3
  1729 | D:2      | Found a burning altar of Makhleb.
  1778 | D:2      | Reached XP level 4. HP: 29/29 MP: 4/4
  1882 | D:2      | Found a glowing golden altar of the Shining One.
  1882 | D:2      | You fall through a shaft for 2 floors!
  1929 | D:4      | Found Cucsamef's Antique Weapon Emporium.
  2050 | D:4      | Reached XP level 5. HP: 3/34 MP: 5/5
  2052 | D:4      | HP: 1/34 [poisoned by a worker ant]
  2053 | D:4      | Found a sacrificial altar of Ru.
  2053 | D:4      | Succumbed to a worker ant's poison

Vault maps used:
D:1:      dpeg_arrival_subterranean_lakeside_camping, roderic_lattice_a
D:2:      overflow_temple_1_default, nicolae_overflow_crystal_walls,
          minmay_vboxes
D:4:      nicolae_qazlal_eye_of_the_storm, fedhas_bush_and_centaur_altar,
          minmay_temple_entry_purple_smoke, first_bread, serial_shops, shop,
          nicolae_ru_sacrificial_ziggurat

Skill      XL: |  1  2  3  4 |
---------------+-------------+-----
Dodging        | 3 4 |  4.3
Fighting       | |  2.0
Slings         | |  4.8
Stealth        | |  1.3

Action                   |  1- 3 |  4- 6 || total
-------------------------+-------+-------++-------
 Fire: Hunting sling     |   129 |    57 ||   186
  Use: Potion            |       |     2 ||     2
  Eat: Royal jelly       |     1 |       ||     1
       Chunk             |       |     1 ||     1
